AoeStats
← Hospitalier

Black Forest

510431502Analyzed
2v2 RM · 2d ago on Oct 1, 2026· 50m 16s· 4 players
Game mode
Random Map
Map size
Medium (4 player)
Population
200
Speed
Normal
Resources
Standard
Victory
Conquest
Starting age
Dark Age
Ending age
Imperial Age
RankedLock teamsTeams togetherTeam positionsShared explorationLock speedFull tech treeHidden civsTurbo modeCheats
Victory
Defeat
🇺🇸 Bohemians · United States
1044
+14
🇩🇪 Mongols · Germany
980
+17
🇦🇷 Vietnamese · Argentina
1016
-16
🇦🇷 Teutons · Argentina
992
-20
Joy
6:55 Loom
10:40 Feudal Age
16:48 Forging
19:31 Castle Age
17:50 Double-Bit Axe
18:26 Horse Collar
21:38 Wheelbarrow
24:25 Stone Mining
24:25 Gold Mining
27:06 Stone Shaft Mining
33:10 Imperial Age
31:25 Hand Cart
30:58 Town Watch
32:46 Town Patrol
35:32 Ironclad
35:46 Heavy Scorpion
41:17 Iron Casting
40:45 Scale Mail Armor
41:12 Bow Saw
40:25 Elite Teutonic Knight
Hospitalier
0:46 Loom
13:12 Feudal Age
13:44 Double-Bit Axe
13:46 Horse Collar
18:15 Wheelbarrow
17:48 Gold Mining
17:49 Stone Mining
22:10 Castle Age
21:49 Fletching
22:00 Padded Archer Armor
22:28 Crossbowman
23:29 Leather Archer Armor
24:01 Bow Saw
24:23 Heavy Plow
25:52 Bodkin Arrow
29:54 Hand Cart
30:17 Ballistics
31:16 Thumb Ring
32:44 Stone Shaft Mining
32:40 Town Watch
34:55 Town Patrol
35:38 Elite Skirmisher
40:03 Imperial Age
40:11 Arbalester
40:13 Imperial Skirmisher
40:59 Bracer
41:29 Ring Archer Armor
44:28 Two-Man Saw
Sgt. Shaftoe
13:19 Feudal Age
17:54 Castle Age
16:29 Double-Bit Axe
20:11 Bow Saw
24:03 Wheelbarrow
23:14 Loom
23:19 Horse Collar
25:47 Caravan
25:47 Town Watch
30:00 Imperial Age
29:26 Chemistry
29:05 Fletching
29:25 Forging
29:16 Scale Mail Armor
30:13 Ballistics
30:19 Wagenburg Tactics
29:37 Pikeman
30:17 Squires
31:18 Conscription
31:47 Fishing Lines
32:56 Heavy Plow
32:44 Elite Skirmisher
37:03 Padded Archer Armor
36:58 Bodkin Arrow
37:18 Chain Mail Armor
37:39 Iron Casting
37:34 Elite Hussite Wagon
38:20 Hussite Reforms
39:29 Houfnice
44:28 Hand Cart
44:14 Town Patrol
44:20 Bracer
44:50 Plate Mail Armor
45:14 Sanctity
44:54 Devotion
45:04 Redemption
44:55 Atonement
45:05 Fervor
45:12 Block Printing
45:22 Illumination
BouTellis
2:23 Loom
11:07 Feudal Age
12:37 Double-Bit Axe
19:16 Castle Age
17:54 Stone Mining
23:29 Wheelbarrow
23:39 Horse Collar
28:05 Hand Cart
28:39 Gold Mining
32:34 Imperial Age
34:41 Heavy Plow
36:45 Bloodlines
36:35 Husbandry
35:57 Light Cavalry
37:30 Bow Saw
37:33 Padded Archer Armor
37:24 Fletching
38:14 Ballistics
38:31 Leather Archer Armor
39:25 Caravan
40:48 Chemistry
40:15 Conscription
40:29 Onager
41:39 Drill
42:16 Elite Mangudai
43:58 Siege Onager
44:38 Bodkin Arrow
45:12 Parthian Tactics
44:55 Thumb Ring
48:23 Hussar
Connection lost

Rejoining the realm…

Still unreachable

The connection could not be restored.

Session expired

The server has moved on; the page needs a fresh start.